[ AOE2 MATCH · #479065726 ]
UnrankedBurgundians vs Bohemians
[ REPLAY ANALYSIS · EXTRACTED FROM THE RECORDED GAME ]
Feudal
12:50
Castle
18:04
Imperial
33:55
| APM avg | 21.0 |
| APM peak | 76 |
| eAPM avg | 9.9 |
| Villagers / military | 52 / 24 |
Focus
⚔️ 16.2% · 🌾 83.8%
Knight ×24
Feudal
10:48
Castle
19:14
Imperial
—
| APM avg | 32.0 |
| APM peak | 73 |
| eAPM avg | 13.2 |
| Villagers / military | 78 / 63 |
Focus
⚔️ 21.1% · 🌾 78.9%
Spearman ×32 · Skirmisher ×30 · Monk ×1
Feudal
9:59
Castle
22:44
Imperial
—
| APM avg | 51.4 |
| APM peak | 90 |
| eAPM avg | 20.3 |
| Villagers / military | 111 / 58 |
Focus
⚔️ 26.9% · 🌾 73.1%
Archer ×58
Feudal
10:34
Castle
14:46
Imperial
—
| APM avg | 14.5 |
| APM peak | 55 |
| eAPM avg | 8.0 |
| Villagers / military | 62 / 7 |
Focus
⚔️ 20.8% · 🌾 79.2%
Battle Elephant ×3 · Knight ×2 · Scout Cavalry ×2
Feudal
11:35
Castle
20:28
Imperial
—
| APM avg | 20.8 |
| APM peak | 46 |
| eAPM avg | 10.7 |
| Villagers / military | 86 / 21 |
Focus
⚔️ 13.3% · 🌾 86.7%
Knight ×13 · Petard ×4 · Battering Ram ×4
Feudal
11:03
Castle
29:06
Imperial
—
| APM avg | 41.8 |
| APM peak | 72 |
| eAPM avg | 21.4 |
| Villagers / military | 70 / 39 |
Focus
⚔️ 12.1% · 🌾 87.9%
Skirmisher ×27 · Camel Scout ×7 · Spearman ×5
Match map
Initial resources + every placement click. Lines = walls · curves = elevation contours. ◆ gold · ⬟ stone · ● berries · ✦ relic · ◌ wall gap
Your base· ✓ Closed at 18:04 · 0t walls · 3 gate(s) · fragile
leuler's base· ✓ Closed at 19:14 · 32t walls · 2 gate(s)
lessupsettimorespaghetti's base· ✓ Closed at 22:44 · 9t walls · 2 gate(s)
Andril's base· ✓ Closed at 14:46 · 0t walls · 2 gate(s)
Talesin's base· ✓ Closed at 20:28 · 32t walls · 2 gate(s) · fragile
Dacio's base· ✓ Closed at 29:06 · 28t walls · 2 gate(s)
Smoothed initial terrain · ◌ = detected wall gap · hover for details
Inputs per minute
— Raoulbert - - leuler
Build order — Raoulbert
First 150 of 161 actions detected
| 0:03 | Build | House |
| 0:05 | Build | House |
| 0:10 | Create | Villager (Male) |
| 0:10 | Create | Villager (Male) |
| 0:10 | Create | Villager (Male) |
| 0:10 | Create | Villager (Male) |
| 1:45 | Create | Villager (Male) |
| 2:11 | Create | Villager (Male) |
| 2:30 | Create | Villager (Male) |
| 2:30 | Create | Villager (Male) |
| 3:10 | Create | Villager (Male) |
| 3:10 | Create | Villager (Male) |
| 3:20 | Research | Loom |
| 3:38 | Build | House |
| 3:40 | Build | House |
| 3:41 | Build | House |
| 3:50 | Create | Villager (Male) |
| 3:56 | Create | Villager (Male) |
| 4:19 | Build | Lumber Camp |
| 4:51 | Create | Villager (Male) |
| 5:21 | Create | Villager (Male) |
| 5:58 | Create | Villager (Male) |
| 5:58 | Create | Villager (Male) |
| 6:10 | Build | Mill |
| 6:20 | Create | Villager (Male) |
| 6:20 | Create | Villager (Male) |
| 6:20 | Create | Villager (Male) |
| 7:02 | Create | Villager (Male) |
| 7:47 | Build | House |
| 8:00 | Create | Villager (Male) |
| 8:15 | Research | Double-Bit Axe |
| 8:28 | Research | Wheelbarrow |
| 8:40 | Build | Farm |
| 8:41 | Build | Farm |
| 8:42 | Build | Farm |
| 8:51 | Research | Horse Collar |
| 8:54 | Create | Villager (Male) |
| 8:55 | Create | Villager (Male) |
| 10:24 | Research | Feudal Age |
| 11:18 | Build | Barracks |
| 11:46 | Build | Mining Camp |
| 12:28 | Create | Villager (Male) |
| 12:28 | Create | Villager (Male) |
| 12:28 | Create | Villager (Male) |
| 12:50 | Age | Feudal Age |
| 12:50 | Build | Farm |
| 12:51 | Build | Farm |
| 12:51 | Build | Farm |
| 12:52 | Build | Farm |
| 12:52 | Build | Farm |
| 12:53 | Build | Farm |
| 12:54 | Build | Farm |
| 13:24 | Build | Blacksmith |
| 13:45 | Build | House |
| 13:46 | Build | House |
| 13:47 | Build | House |
| 13:58 | Create | Villager (Male) |
| 14:13 | Build | Market |
| 14:25 | Build | Farm |
| 14:35 | Create | Villager (Male) |
| 14:43 | Build | Farm |
| 14:47 | Build | House |
| 15:05 | Build | Farm |
| 15:24 | Research | Castle Age |
| 15:51 | Build | Stable |
| 16:02 | Build | House |
| 16:05 | Build | House |
| 16:20 | Research | Bow Saw |
| 16:38 | Research | Heavy Plow |
| 17:12 | Research | Scale Barding Armor |
| 17:17 | Research | Forging |
| 18:04 | Age | Castle Age |
| 18:14 | Build | Town Center |
| 18:24 | Research | Crop Rotation |
| 18:48 | Build | Town Center |
| 19:20 | Research | Cavalier (upgrade) |
| 19:31 | Build | Stable |
| 19:36 | Create | Villager (Male) |
| 19:37 | Create | Villager (Male) |
| 20:03 | Research | Husbandry |
| 20:07 | Create | Villager (Male) |
| 20:08 | Create | Villager (Male) |
| 20:23 | Build | Farm |
| 20:30 | Build | Farm |
| 20:34 | Create | Knight |
| 20:44 | Create | Knight |
| 20:51 | Build | Farm |
| 20:57 | Create | Villager (Male) |
| 20:58 | Create | Villager (Male) |
| 20:58 | Create | Villager (Male) |
| 21:28 | Create | Villager (Male) |
| 21:29 | Create | Villager (Male) |
| 21:29 | Create | Villager (Male) |
| 21:29 | Create | Villager (Male) |
| 21:33 | Build | Farm |
| 21:54 | Create | Villager (Male) |
| 21:54 | Create | Villager (Male) |
| 21:54 | Create | Villager (Male) |
| 21:56 | Create | Villager (Male) |
| 21:59 | Build | Farm |
| 22:48 | Create | Knight |
| 22:48 | Create | Knight |
| 22:48 | Create | Knight |
| 22:48 | Create | Knight |
| 23:14 | Create | Villager (Male) |
| 23:14 | Create | Villager (Male) |
| 23:14 | Create | Villager (Male) |
| 23:14 | Create | Villager (Male) |
| 23:17 | Build | Farm |
| 23:28 | Build | Farm |
| 23:28 | Build | Farm |
| 23:29 | Build | Farm |
| 24:04 | Create | Knight |
| 24:05 | Create | Knight |
| 24:05 | Create | Knight |
| 24:05 | Create | Knight |
| 24:06 | Create | Knight |
| 24:06 | Create | Knight |
| 24:57 | Create | Villager (Male) |
| 24:57 | Create | Villager (Male) |
| 24:57 | Create | Villager (Male) |
| 24:57 | Create | Villager (Male) |
| 24:58 | Create | Villager (Male) |
| 25:07 | Build | House |
| 25:08 | Build | House |
| 25:08 | Build | House |
| 25:09 | Build | House |
| 25:09 | Build | House |
| 25:09 | Build | House |
| 25:10 | Build | House |
| 25:10 | Build | House |
| 25:11 | Build | House |
| 25:11 | Build | House |
| 25:19 | Build | Farm |
| 25:19 | Build | Farm |
| 26:29 | Create | Knight |
| 26:30 | Create | Knight |
| 26:30 | Create | Knight |
| 26:30 | Create | Knight |
| 26:31 | Create | Knight |
| 26:31 | Create | Knight |
| 26:31 | Create | Knight |
| 26:32 | Create | Knight |
| 26:32 | Create | Knight |
| 26:32 | Create | Knight |
| 26:32 | Create | Knight |
| 26:33 | Create | Knight |
| 26:51 | Build | University |
| 26:55 | Build | Monastery |
| 27:00 | Research | Hand Cart |
Build order — leuler
First 150 of 220 actions detected
| 0:02 | Build | House |
| 0:04 | Build | House |
| 0:12 | Create | Villager (Male) |
| 0:12 | Create | Villager (Male) |
| 0:12 | Create | Villager (Male) |
| 0:12 | Create | Villager (Male) |
| 1:36 | Create | Villager (Male) |
| 2:09 | Create | Villager (Male) |
| 2:23 | Build | Lumber Camp |
| 2:46 | Create | Villager (Male) |
| 2:53 | Create | Villager (Male) |
| 3:10 | Create | Villager (Male) |
| 3:46 | Build | House |
| 3:52 | Create | Villager (Male) |
| 4:09 | Create | Villager (Male) |
| 4:28 | Create | Villager (Male) |
| 4:59 | Create | Villager (Male) |
| 5:22 | Build | House |
| 5:41 | Create | Villager (Male) |
| 5:41 | Create | Villager (Male) |
| 5:41 | Create | Villager (Male) |
| 6:05 | Create | Villager (Male) |
| 6:28 | Build | Palisade Wall |
| 6:41 | Build | Mill |
| 7:15 | Research | Loom |
| 7:31 | Build | Mill |
| 8:38 | Research | Feudal Age |
| 8:41 | Create | Villager (Male) |
| 10:19 | Build | Farm |
| 10:23 | Build | Farm |
| 10:48 | Age | Feudal Age |
| 10:59 | Build | Stone Wall |
| 11:08 | Create | Villager (Male) |
| 11:09 | Create | Villager (Male) |
| 11:17 | Build | Mining Camp |
| 11:55 | Create | Villager (Male) |
| 11:55 | Create | Villager (Male) |
| 12:28 | Build | Palisade Wall |
| 12:29 | Create | Villager (Male) |
| 12:30 | Create | Villager (Male) |
| 12:30 | Create | Villager (Male) |
| 12:44 | Create | Villager (Male) |
| 12:48 | Build | Barracks |
| 12:58 | Build | House |
| 13:28 | Build | Archery Range |
| 13:33 | Create | Spearman |
| 13:39 | Create | Villager (Male) |
| 14:02 | Create | Villager (Male) |
| 14:02 | Create | Villager (Male) |
| 14:07 | Build | Farm |
| 14:10 | Build | Farm |
| 14:22 | Build | Farm |
| 14:24 | Build | Farm |
| 14:37 | Create | Villager (Male) |
| 14:47 | Build | Lumber Camp |
| 15:18 | Build | Farm |
| 15:21 | Build | House |
| 15:52 | Build | Blacksmith |
| 16:34 | Research | Castle Age |
| 16:54 | Research | Double-Bit Axe |
| 17:26 | Research | Horse Collar |
| 17:41 | Build | Outpost |
| 17:45 | Research | Town Watch |
| 17:46 | Create | Villager (Male) |
| 17:47 | Create | Villager (Male) |
| 17:51 | Build | Farm |
| 18:14 | Build | Farm |
| 18:19 | Build | Farm |
| 18:22 | Build | Farm |
| 19:14 | Age | Castle Age |
| 19:15 | Build | Monastery |
| 19:28 | Create | Villager (Male) |
| 19:28 | Create | Villager (Male) |
| 19:34 | Research | Bow Saw |
| 19:54 | Research | Heavy Plow |
| 20:01 | Create | Monk |
| 20:12 | Create | Villager (Male) |
| 20:18 | Build | House |
| 20:20 | Build | House |
| 20:21 | Build | House |
| 21:10 | Build | Market |
| 21:15 | Create | Villager (Male) |
| 21:18 | Build | Mining Camp |
| 22:06 | Build | Town Center |
| 22:14 | Create | Villager (Male) |
| 22:15 | Create | Villager (Male) |
| 22:35 | Create | Villager (Male) |
| 22:37 | Create | Villager (Male) |
| 23:08 | Build | Barracks |
| 23:09 | Build | Barracks |
| 23:13 | Research | Scale Mail Armor |
| 23:13 | Research | Forging |
| 23:17 | Create | Villager (Male) |
| 23:17 | Create | Villager (Male) |
| 23:27 | Research | Squires |
| 23:30 | Research | Pikeman (upgrade) |
| 23:35 | Create | Villager (Male) |
| 23:35 | Create | Villager (Male) |
| 23:38 | Build | Lumber Camp |
| 23:51 | Create | Villager (Male) |
| 23:52 | Create | Villager (Male) |
| 24:16 | Create | Spearman |
| 24:16 | Create | Spearman |
| 24:21 | Build | Farm |
| 24:23 | Build | Farm |
| 24:26 | Build | Farm |
| 24:28 | Build | Farm |
| 24:31 | Build | Farm |
| 24:40 | Create | Villager (Male) |
| 24:40 | Create | Villager (Male) |
| 24:50 | Create | Spearman |
| 24:58 | Create | Villager (Male) |
| 25:04 | Build | Farm |
| 25:07 | Build | Farm |
| 25:12 | Build | Farm |
| 25:17 | Create | Spearman |
| 25:26 | Create | Villager (Male) |
| 25:26 | Create | Villager (Male) |
| 25:34 | Create | Spearman |
| 25:40 | Build | House |
| 25:41 | Build | House |
| 25:41 | Build | House |
| 26:03 | Create | Spearman |
| 26:03 | Create | Spearman |
| 26:04 | Create | Spearman |
| 26:28 | Research | Elite Skirmisher (upgrade) |
| 26:38 | Create | Spearman |
| 26:38 | Create | Spearman |
| 26:39 | Create | Villager (Male) |
| 26:40 | Create | Villager (Male) |
| 26:40 | Create | Villager (Male) |
| 26:40 | Create | Villager (Male) |
| 26:40 | Create | Villager (Male) |
| 26:55 | Create | Skirmisher |
| 26:56 | Create | Skirmisher |
| 27:00 | Create | Villager (Male) |
| 27:09 | Build | Watch Tower |
| 27:14 | Build | Watch Tower |
| 27:28 | Research | Fletching |
| 27:44 | Create | Villager (Male) |
| 27:46 | Build | Farm |
| 27:46 | Build | Farm |
| 27:47 | Build | Farm |
| 27:47 | Build | Farm |
| 27:47 | Build | Farm |
| 27:52 | Create | Skirmisher |
| 27:52 | Create | Skirmisher |
| 27:52 | Create | Skirmisher |
| 27:54 | Research | Padded Archer Armor |
| 28:00 | Build | Archery Range |
Build order — lessupsettimorespaghetti
First 150 of 283 actions detected
| 0:02 | Create | Villager (Male) |
| 0:02 | Create | Villager (Male) |
| 0:03 | Create | Villager (Male) |
| 0:04 | Build | House |
| 0:05 | Build | House |
| 0:06 | Create | Villager (Male) |
| 0:06 | Create | Villager (Male) |
| 1:20 | Create | Villager (Male) |
| 1:21 | Create | Villager (Male) |
| 1:49 | Create | Villager (Male) |
| 1:49 | Create | Villager (Male) |
| 2:25 | Build | Lumber Camp |
| 2:32 | Create | Villager (Male) |
| 2:58 | Create | Villager (Male) |
| 2:59 | Create | Villager (Male) |
| 3:04 | Create | Villager (Male) |
| 3:30 | Build | House |
| 3:31 | Build | House |
| 3:45 | Create | Villager (Male) |
| 3:45 | Create | Villager (Male) |
| 3:54 | Research | Loom |
| 4:32 | Create | Villager (Male) |
| 4:33 | Create | Villager (Male) |
| 4:46 | Build | Mill |
| 5:56 | Create | Villager (Male) |
| 6:00 | Build | House |
| 6:27 | Create | Villager (Male) |
| 6:27 | Create | Villager (Male) |
| 6:51 | Build | Lumber Camp |
| 6:53 | Create | Villager (Male) |
| 7:49 | Research | Feudal Age |
| 7:57 | Build | Mining Camp |
| 8:11 | Build | House |
| 8:12 | Build | House |
| 8:38 | Create | Villager (Male) |
| 8:38 | Create | Villager (Male) |
| 9:11 | Build | Barracks |
| 9:45 | Create | Villager (Male) |
| 9:45 | Create | Villager (Male) |
| 9:59 | Age | Feudal Age |
| 10:08 | Build | Archery Range |
| 10:15 | Research | Double-Bit Axe |
| 10:21 | Create | Villager (Male) |
| 10:21 | Create | Villager (Male) |
| 10:33 | Build | Archery Range |
| 11:01 | Build | House |
| 11:02 | Build | House |
| 11:14 | Create | Archer |
| 11:14 | Create | Archer |
| 11:14 | Create | Archer |
| 11:29 | Create | Villager (Male) |
| 11:49 | Create | Archer |
| 11:49 | Create | Archer |
| 12:11 | Build | Blacksmith |
| 12:19 | Create | Archer |
| 12:20 | Create | Archer |
| 12:39 | Create | Archer |
| 12:47 | Create | Villager (Male) |
| 12:55 | Create | Villager (Male) |
| 13:14 | Research | Horse Collar |
| 13:19 | Build | Farm |
| 13:21 | Create | Archer |
| 13:21 | Create | Archer |
| 13:21 | Create | Archer |
| 13:29 | Create | Villager (Male) |
| 13:34 | Build | House |
| 13:47 | Build | Farm |
| 13:53 | Create | Villager (Male) |
| 14:07 | Create | Archer |
| 14:08 | Create | Archer |
| 14:21 | Create | Villager (Male) |
| 15:01 | Create | Villager (Male) |
| 15:02 | Create | Villager (Male) |
| 15:09 | Build | Farm |
| 15:09 | Build | Farm |
| 15:10 | Build | Farm |
| 15:10 | Build | Farm |
| 15:10 | Build | Farm |
| 15:10 | Build | Farm |
| 15:11 | Build | Farm |
| 15:14 | Create | Villager (Male) |
| 15:14 | Create | Villager (Male) |
| 15:19 | Create | Villager (Male) |
| 15:28 | Research | Fletching |
| 15:36 | Build | House |
| 15:37 | Build | House |
| 15:45 | Create | Villager (Male) |
| 15:56 | Build | Farm |
| 16:01 | Build | Farm |
| 16:40 | Create | Archer |
| 16:40 | Create | Archer |
| 16:40 | Create | Archer |
| 16:41 | Create | Archer |
| 16:44 | Create | Villager (Male) |
| 16:44 | Create | Villager (Male) |
| 16:48 | Build | Farm |
| 16:49 | Create | Villager (Male) |
| 16:52 | Build | House |
| 17:09 | Create | Archer |
| 17:10 | Create | Archer |
| 17:10 | Create | Archer |
| 17:11 | Create | Villager (Male) |
| 17:20 | Build | Farm |
| 17:21 | Build | Farm |
| 17:21 | Build | Farm |
| 17:21 | Build | Farm |
| 17:58 | Create | Villager (Male) |
| 17:58 | Create | Villager (Male) |
| 18:05 | Build | Farm |
| 18:05 | Build | Farm |
| 18:05 | Build | Farm |
| 18:16 | Build | Farm |
| 18:21 | Create | Villager (Male) |
| 18:22 | Create | Villager (Male) |
| 18:23 | Create | Villager (Male) |
| 18:23 | Create | Villager (Male) |
| 18:49 | Create | Villager (Male) |
| 18:49 | Create | Villager (Male) |
| 19:02 | Create | Archer |
| 19:02 | Create | Archer |
| 19:33 | Build | Palisade Wall |
| 19:55 | Create | Villager (Male) |
| 19:55 | Create | Villager (Male) |
| 19:58 | Create | Archer |
| 19:58 | Create | Archer |
| 19:58 | Create | Archer |
| 20:04 | Research | Castle Age |
| 20:31 | Create | Archer |
| 20:31 | Create | Archer |
| 20:32 | Create | Archer |
| 20:53 | Research | Padded Archer Armor |
| 21:03 | Create | Villager (Male) |
| 21:11 | Create | Villager (Male) |
| 21:11 | Create | Villager (Male) |
| 22:07 | Create | Villager (Male) |
| 22:07 | Create | Villager (Male) |
| 22:44 | Age | Castle Age |
| 22:51 | Create | Villager (Male) |
| 22:51 | Create | Villager (Male) |
| 22:54 | Research | Crossbowman (upgrade) |
| 22:55 | Research | Thumb Ring |
| 23:02 | Create | Archer |
| 23:02 | Create | Archer |
| 23:02 | Create | Archer |
| 23:02 | Create | Archer |
| 23:03 | Create | Archer |
| 23:03 | Create | Archer |
| 23:03 | Create | Archer |
| 23:17 | Build | Town Center |
| 23:24 | Build | Town Center |
Build order — Andril
136 actions detected in the replay
| 0:02 | Create | Villager (Male) |
| 0:02 | Create | Villager (Male) |
| 0:02 | Create | Villager (Male) |
| 0:02 | Create | Villager (Male) |
| 0:05 | Build | House |
| 0:07 | Build | House |
| 1:41 | Create | Villager (Male) |
| 2:09 | Create | Villager (Male) |
| 2:19 | Build | Mill |
| 2:23 | Create | Villager (Male) |
| 2:57 | Create | Villager (Male) |
| 3:08 | Build | House |
| 3:10 | Build | House |
| 3:20 | Create | Villager (Male) |
| 3:42 | Create | Villager (Male) |
| 4:07 | Create | Villager (Male) |
| 4:26 | Create | Villager (Male) |
| 4:36 | Build | House |
| 4:51 | Create | Villager (Male) |
| 4:52 | Create | Villager (Male) |
| 5:20 | Create | Villager (Male) |
| 5:57 | Create | Villager (Male) |
| 5:58 | Create | Villager (Male) |
| 5:59 | Create | Villager (Male) |
| 6:22 | Create | Villager (Male) |
| 6:37 | Build | Lumber Camp |
| 7:23 | Create | Villager (Male) |
| 8:18 | Research | Feudal Age |
| 8:30 | Build | Mining Camp |
| 8:53 | Create | Villager (Male) |
| 8:54 | Create | Villager (Male) |
| 9:15 | Build | Mill |
| 10:33 | Build | Farm |
| 10:34 | Age | Feudal Age |
| 10:34 | Build | Farm |
| 10:38 | Build | Farm |
| 10:39 | Build | Farm |
| 12:06 | Research | Castle Age |
| 12:35 | Research | Double-Bit Axe |
| 12:37 | Research | Horse Collar |
| 13:33 | Research | Stone Mining |
| 14:28 | Build | Stable |
| 14:46 | Age | Castle Age |
| 15:03 | Build | Town Center |
| 15:21 | Create | Scout Cavalry |
| 15:22 | Create | Scout Cavalry |
| 15:30 | Build | Farm |
| 15:31 | Build | Farm |
| 16:13 | Research | Wheelbarrow |
| 16:14 | Research | Loom |
| 16:38 | Create | Villager (Male) |
| 16:41 | Create | Villager (Male) |
| 16:58 | Build | Town Center |
| 17:24 | Build | Farm |
| 18:26 | Create | Villager (Male) |
| 18:26 | Create | Villager (Male) |
| 18:27 | Create | Villager (Male) |
| 18:27 | Create | Villager (Male) |
| 18:46 | Create | Villager (Male) |
| 18:47 | Create | Villager (Male) |
| 18:58 | Build | Farm |
| 18:59 | Build | Farm |
| 19:00 | Build | Farm |
| 19:01 | Build | Farm |
| 19:02 | Build | Farm |
| 19:03 | Build | Farm |
| 19:11 | Create | Villager (Male) |
| 19:23 | Create | Villager (Male) |
| 19:49 | Create | Knight |
| 20:08 | Build | House |
| 20:09 | Build | House |
| 20:10 | Build | House |
| 20:11 | Build | House |
| 20:17 | Build | Farm |
| 20:18 | Build | Farm |
| 20:19 | Build | Farm |
| 20:43 | Create | Villager (Male) |
| 20:43 | Create | Villager (Male) |
| 20:44 | Create | Villager (Male) |
| 20:48 | Create | Knight |
| 21:08 | Create | Villager (Male) |
| 21:09 | Create | Villager (Male) |
| 21:09 | Create | Villager (Male) |
| 21:20 | Create | Villager (Male) |
| 21:21 | Create | Villager (Male) |
| 21:25 | Create | Villager (Male) |
| 21:47 | Create | Villager (Male) |
| 21:47 | Create | Villager (Male) |
| 21:51 | Create | Villager (Male) |
| 23:08 | Create | Villager (Male) |
| 23:09 | Create | Villager (Male) |
| 23:09 | Create | Villager (Male) |
| 23:09 | Create | Villager (Male) |
| 23:10 | Create | Villager (Male) |
| 23:10 | Create | Villager (Male) |
| 23:14 | Research | Husbandry |
| 23:42 | Create | Villager (Male) |
| 23:43 | Create | Villager (Male) |
| 23:43 | Create | Villager (Male) |
| 23:54 | Build | Castle |
| 24:17 | Create | Villager (Male) |
| 24:17 | Create | Villager (Male) |
| 24:18 | Create | Villager (Male) |
| 24:18 | Create | Villager (Male) |
| 24:18 | Create | Villager (Male) |
| 24:19 | Create | Villager (Male) |
| 24:40 | Build | Stone Wall |
| 24:48 | Create | Villager (Male) |
| 24:48 | Create | Villager (Male) |
| 24:49 | Create | Villager (Male) |
| 24:55 | Build | House |
| 24:56 | Build | House |
| 24:56 | Build | House |
| 24:57 | Build | House |
| 24:58 | Build | House |
| 24:59 | Build | House |
| 25:00 | Build | House |
| 25:00 | Build | House |
| 25:21 | Build | Stable |
| 25:31 | Build | Stable |
| 26:00 | Build | Gate |
| 26:08 | Research | Bloodlines |
| 26:50 | Build | Mining Camp |
| 27:09 | Create | Battle Elephant |
| 27:09 | Create | Battle Elephant |
| 28:17 | Create | Battle Elephant |
| 28:47 | Build | Castle |
| 29:02 | Build | Farm |
| 29:03 | Build | Farm |
| 29:04 | Build | Farm |
| 29:05 | Build | Farm |
| 29:06 | Build | Farm |
| 29:07 | Build | Farm |
| 29:47 | Build | Mining Camp |
| 32:44 | Research | Gold Mining |
| 33:02 | Build | Farm |
Build order — Talesin
First 150 of 164 actions detected
| 0:01 | Create | Villager (Male) |
| 0:01 | Create | Villager (Male) |
| 0:02 | Create | Villager (Male) |
| 0:04 | Build | House |
| 0:06 | Build | House |
| 0:39 | Create | Villager (Male) |
| 0:39 | Create | Villager (Male) |
| 1:26 | Create | Villager (Male) |
| 2:14 | Build | Lumber Camp |
| 2:25 | Create | Villager (Male) |
| 2:25 | Create | Villager (Male) |
| 2:37 | Build | House |
| 2:39 | Build | House |
| 3:04 | Create | Villager (Male) |
| 3:31 | Create | Villager (Male) |
| 3:41 | Create | Villager (Male) |
| 4:02 | Create | Villager (Male) |
| 4:02 | Create | Villager (Male) |
| 4:59 | Create | Villager (Male) |
| 4:59 | Create | Villager (Male) |
| 5:36 | Build | Mill |
| 5:45 | Build | Mill |
| 5:50 | Create | Villager (Male) |
| 5:50 | Create | Villager (Male) |
| 6:30 | Create | Villager (Male) |
| 6:30 | Create | Villager (Male) |
| 7:10 | Create | Villager (Male) |
| 7:11 | Create | Villager (Male) |
| 7:11 | Create | Villager (Male) |
| 7:14 | Build | Mill |
| 8:27 | Create | Villager (Male) |
| 9:25 | Research | Feudal Age |
| 9:27 | Research | Loom |
| 10:04 | Build | House |
| 10:08 | Build | House |
| 10:14 | Build | House |
| 10:20 | Build | Palisade Wall |
| 11:35 | Age | Feudal Age |
| 12:38 | Build | House |
| 12:48 | Build | House |
| 12:58 | Build | House |
| 13:08 | Build | House |
| 13:18 | Build | House |
| 13:40 | Research | Double-Bit Axe |
| 13:47 | Build | Mining Camp |
| 13:47 | Create | Villager (Male) |
| 13:48 | Create | Villager (Male) |
| 13:48 | Create | Villager (Male) |
| 14:02 | Build | Stone Wall |
| 14:46 | Build | Stone Wall |
| 14:53 | Create | Villager (Male) |
| 14:54 | Create | Villager (Male) |
| 14:59 | Research | Gold Mining |
| 15:08 | Build | Farm |
| 15:08 | Build | Farm |
| 15:08 | Build | Farm |
| 15:09 | Build | Farm |
| 15:09 | Build | Farm |
| 16:06 | Create | Villager (Male) |
| 16:13 | Build | Market |
| 16:20 | Build | Blacksmith |
| 17:02 | Build | Farm |
| 17:27 | Build | Lumber Camp |
| 17:48 | Research | Castle Age |
| 18:04 | Build | Mill |
| 18:21 | Build | Barracks |
| 18:40 | Build | Mining Camp |
| 18:50 | Research | Stone Mining |
| 19:57 | Build | Stable |
| 20:00 | Research | Scale Barding Armor |
| 20:06 | Create | Villager (Male) |
| 20:06 | Create | Villager (Male) |
| 20:28 | Age | Castle Age |
| 20:41 | Create | Villager (Male) |
| 21:06 | Create | Villager (Male) |
| 21:19 | Create | Knight |
| 21:50 | Create | Knight |
| 21:53 | Create | Villager (Male) |
| 21:53 | Create | Villager (Male) |
| 21:59 | Build | Town Center |
| 22:17 | Create | Knight |
| 22:41 | Create | Knight |
| 22:44 | Create | Villager (Male) |
| 23:10 | Build | Town Center |
| 23:14 | Create | Villager (Male) |
| 23:15 | Create | Villager (Male) |
| 23:15 | Create | Villager (Male) |
| 24:20 | Create | Villager (Male) ×5 |
| 24:25 | Build | House |
| 24:27 | Build | House |
| 24:28 | Build | House |
| 24:29 | Build | House |
| 24:30 | Build | House |
| 24:40 | Create | Knight |
| 24:57 | Build | Town Center |
| 24:59 | Create | Villager (Male) |
| 26:09 | Build | Castle |
| 26:14 | Build | Mining Camp |
| 26:18 | Research | Wheelbarrow |
| 26:19 | Create | Villager (Male) ×5 |
| 26:19 | Create | Villager (Male) ×5 |
| 26:35 | Create | Villager (Male) |
| 27:17 | Create | Knight |
| 27:17 | Create | Knight |
| 27:27 | Build | Siege Workshop |
| 27:35 | Create | Villager (Male) ×4 |
| 27:41 | Build | Farm |
| 27:41 | Build | Farm |
| 27:42 | Build | Farm |
| 27:42 | Build | Farm |
| 27:42 | Build | Farm |
| 27:42 | Build | Farm |
| 27:43 | Build | Farm |
| 27:43 | Build | Farm |
| 27:43 | Build | Farm |
| 27:43 | Build | Farm |
| 27:44 | Build | Farm |
| 27:44 | Build | Farm |
| 27:54 | Create | Villager (Male) |
| 28:09 | Build | Farm |
| 28:12 | Build | Farm |
| 28:16 | Build | Farm |
| 28:52 | Create | Battering Ram |
| 28:52 | Create | Battering Ram |
| 29:00 | Create | Villager (Male) ×5 |
| 29:00 | Create | Villager (Male) |
| 29:12 | Research | Husbandry |
| 29:31 | Build | Farm |
| 29:39 | Create | Villager (Male) ×3 |
| 29:40 | Create | Villager (Male) |
| 30:10 | Build | Farm |
| 30:15 | Create | Villager (Male) ×5 |
| 30:16 | Create | Villager (Male) ×5 |
| 30:24 | Create | Battering Ram |
| 30:28 | Create | Petard |
| 30:32 | Create | Petard |
| 30:42 | Create | Petard |
| 30:42 | Create | Petard |
| 30:51 | Build | Farm |
| 30:59 | Create | Knight |
| 30:59 | Create | Knight |
| 31:38 | Create | Knight |
| 31:39 | Create | Knight |
| 31:44 | Build | Stable |
| 31:50 | Create | Battering Ram |
| 31:56 | Research | Chain Barding Armor |
| 32:31 | Create | Knight |
| 32:31 | Create | Knight |
| 33:04 | Build | Farm |
| 33:04 | Build | Farm |
Build order — Dacio
First 150 of 183 actions detected
| 0:03 | Build | House |
| 0:04 | Build | House |
| 0:05 | Create | Villager (Male) |
| 0:06 | Research | Loom |
| 0:06 | Create | Villager (Male) ×3 |
| 0:56 | Build | Palisade Wall |
| 1:34 | Build | Palisade Wall |
| 1:37 | Build | Palisade Wall |
| 1:43 | Create | Villager (Male) |
| 2:33 | Create | Villager (Male) |
| 2:57 | Create | Villager (Male) |
| 3:15 | Create | Villager (Male) |
| 3:25 | Create | Villager (Male) |
| 4:04 | Create | Villager (Male) |
| 4:07 | Create | Villager (Male) |
| 4:17 | Build | House |
| 4:46 | Create | Villager (Male) |
| 4:52 | Build | Lumber Camp |
| 5:28 | Create | Villager (Male) |
| 5:29 | Create | Villager (Male) |
| 5:44 | Build | House |
| 6:08 | Create | Villager (Male) |
| 6:19 | Create | Villager (Male) |
| 7:07 | Create | Villager (Male) |
| 7:14 | Build | House |
| 7:19 | Build | Mill |
| 7:41 | Create | Villager (Male) |
| 8:05 | Create | Villager (Male) |
| 8:06 | Create | Villager (Male) |
| 8:40 | Build | Mill |
| 8:53 | Research | Feudal Age |
| 9:57 | Build | Barracks |
| 10:33 | Create | Villager (Male) |
| 10:52 | Create | Villager (Male) |
| 10:52 | Create | Villager (Male) |
| 11:03 | Age | Feudal Age |
| 11:06 | Build | Archery Range |
| 11:10 | Build | Mill |
| 11:29 | Create | Villager (Male) |
| 12:14 | Build | Mining Camp |
| 12:39 | Create | Villager (Male) |
| 12:50 | Create | Skirmisher |
| 12:51 | Create | Skirmisher |
| 12:55 | Create | Villager (Male) |
| 12:57 | Create | Villager (Male) |
| 13:00 | Create | Spearman |
| 13:13 | Build | House |
| 13:15 | Build | House |
| 13:15 | Build | House |
| 13:22 | Create | Villager (Male) |
| 13:25 | Create | Spearman |
| 13:29 | Create | Villager (Male) |
| 13:50 | Create | Skirmisher |
| 13:51 | Create | Spearman |
| 14:02 | Create | Villager (Male) |
| 14:27 | Create | Skirmisher |
| 14:50 | Create | Skirmisher |
| 14:58 | Create | Skirmisher |
| 15:05 | Create | Villager (Male) |
| 15:05 | Create | Villager (Male) |
| 15:17 | Build | Palisade Wall |
| 15:24 | Create | Skirmisher |
| 15:31 | Create | Villager (Male) |
| 15:44 | Build | Mill |
| 15:48 | Create | Skirmisher |
| 15:57 | Create | Villager (Male) |
| 16:08 | Build | Palisade Wall |
| 16:26 | Create | Skirmisher |
| 16:36 | Build | Archery Range |
| 16:43 | Create | Skirmisher |
| 16:51 | Create | Villager (Male) |
| 17:06 | Create | Skirmisher |
| 17:07 | Create | Skirmisher |
| 17:08 | Create | Villager (Male) |
| 17:17 | Build | Farm |
| 17:39 | Create | Skirmisher |
| 17:39 | Create | Skirmisher |
| 17:41 | Create | Villager (Male) |
| 17:41 | Create | Villager (Male) |
| 18:06 | Build | Mining Camp |
| 18:08 | Create | Villager (Male) |
| 18:16 | Build | Farm |
| 18:48 | Create | Skirmisher |
| 18:48 | Create | Skirmisher |
| 19:00 | Create | Villager (Male) |
| 19:05 | Create | Skirmisher |
| 19:05 | Create | Skirmisher |
| 19:25 | Build | House |
| 19:26 | Build | House |
| 19:31 | Build | House |
| 19:42 | Create | Skirmisher |
| 19:42 | Create | Skirmisher |
| 20:05 | Create | Skirmisher |
| 20:15 | Build | Mill |
| 20:36 | Create | Villager (Male) |
| 20:59 | Create | Villager (Male) |
| 20:59 | Create | Villager (Male) |
| 21:06 | Create | Skirmisher |
| 21:34 | Build | Mill |
| 21:38 | Create | Skirmisher |
| 21:38 | Create | Skirmisher |
| 21:47 | Create | Skirmisher |
| 21:50 | Create | Villager (Male) |
| 21:50 | Create | Villager (Male) |
| 21:54 | Build | Farm |
| 22:22 | Create | Villager (Male) |
| 22:34 | Build | Mill |
| 22:36 | Create | Villager (Male) |
| 22:50 | Create | Skirmisher |
| 22:50 | Create | Skirmisher |
| 22:51 | Create | Villager (Male) |
| 22:51 | Create | Villager (Male) |
| 22:52 | Create | Villager (Male) |
| 22:54 | Build | Farm |
| 23:21 | Build | Farm |
| 23:47 | Build | Farm |
| 24:12 | Build | Farm |
| 24:20 | Build | Blacksmith |
| 24:35 | Build | Lumber Camp |
| 24:45 | Create | Spearman |
| 24:46 | Create | Spearman |
| 25:02 | Build | Stable |
| 25:39 | Build | Lumber Camp |
| 26:26 | Research | Castle Age |
| 26:52 | Build | Mining Camp |
| 27:19 | Build | Farm |
| 27:53 | Build | House |
| 27:54 | Build | House |
| 27:54 | Build | House |
| 28:36 | Create | Villager (Male) |
| 29:06 | Age | Castle Age |
| 29:08 | Create | Camel Scout |
| 29:09 | Research | Forging |
| 29:10 | Create | Villager (Male) |
| 29:11 | Create | Villager (Male) |
| 29:14 | Build | Town Center |
| 29:22 | Build | Town Center |
| 29:27 | Create | Villager (Male) |
| 29:33 | Build | Farm |
| 29:34 | Create | Camel Scout |
| 29:35 | Create | Camel Scout |
| 29:40 | Build | Stable |
| 29:47 | Create | Villager (Male) |
| 29:47 | Create | Villager (Male) |
| 30:01 | Create | Camel Scout |
| 30:12 | Create | Villager (Male) |
| 30:14 | Build | Farm |
| 30:31 | Build | Farm |
| 30:31 | Build | Farm |
| 30:34 | Build | Farm |
Match timeline
| 0:56 | Dacio · wall_segment Palisade Wall x8 |
| 1:34 | Dacio · wall_segment Palisade Wall x6 |
| 1:37 | Dacio · wall_segment Palisade Wall x14 |
| 6:28 | leuler · wall_segment Palisade Wall x29 |
| 9:11 | lessupsettimorespaghetti · first_building Barracks |
| 9:57 | Dacio · first_building Barracks |
| 9:59 | lessupsettimorespaghetti · age_up feudal |
| 10:08 | lessupsettimorespaghetti · first_building Archery Range |
| 10:20 | Talesin · wall_segment Palisade Wall x1 |
| 10:34 | Andril · age_up feudal |
| 10:48 | leuler · age_up feudal |
| 10:59 | leuler · wall_segment Stone Wall x31 |
| 11:03 | Dacio · age_up feudal |
| 11:06 | Dacio · first_building Archery Range |
| 11:18 | Raoulbert · first_building Barracks |
| 11:35 | Talesin · age_up feudal |
| 12:28 | leuler · wall_segment Palisade Wall x1 |
| 12:48 | leuler · first_building Barracks |
| 12:50 | Raoulbert · age_up feudal |
| 13:28 | leuler · first_building Archery Range |
| 14:02 | Talesin · wall_segment Stone Wall x22 |
| 14:28 | Andril · first_building Stable |
| 14:46 | Talesin · wall_segment Stone Wall x10 |
| 14:46 | Andril · age_up castle |
| 15:17 | Dacio · wall_segment Palisade Wall x1 |
| 15:51 | Raoulbert · first_building Stable |
| 16:08 | Dacio · wall_segment Palisade Wall x1 |
| 17:44 | Raoulbert · first_market_buy 100 wood |
| 18:04 | Raoulbert · age_up castle |
| 18:21 | Talesin · first_building Barracks |
| 19:14 | leuler · age_up castle |
| 19:15 | leuler · first_building Monastery |
| 19:17 | Raoulbert · first_market_sell 100 food |
| 19:33 | lessupsettimorespaghetti · wall_segment Palisade Wall x9 |
| 19:57 | Talesin · first_building Stable |
| 20:28 | Talesin · age_up castle |
| 21:58 | leuler · first_market_buy 100 stone |
| 22:44 | lessupsettimorespaghetti · age_up castle |
| 23:54 | Andril · first_building Castle |
| 24:40 | Andril · wall_segment Stone Wall x39 |
| 25:02 | Dacio · first_building Stable |
| 26:09 | Talesin · first_building Castle |
| 26:55 | Raoulbert · first_building Monastery |
| 27:27 | Talesin · first_building Siege Workshop |
| 29:06 | Dacio · age_up castle |
| 30:38 | lessupsettimorespaghetti · first_building Siege Workshop |
| 30:54 | lessupsettimorespaghetti · first_building Monastery |
| 33:19 | Dacio · first_building Castle |
| 33:55 | Raoulbert · age_up imperial |
| 33:57 | Dacio · resign |
[ AI ANALYSIS · 1 CREDIT ]
What really happened in this match?
Wolo.gg analyzes every decision: build order, eco, micro, common mistakes by bracket. Personalized analysis on WhatsApp or Discord in 30 seconds.
Civ guide
Burgundians
Perfil
Jugador #1728394